 Dungeon Crawl Stone Soup version 0.22-a0-414-gacd343e (webtiles) character file.

237 Patate the Chucker (level 5, -1/53 HPs)
             Began as a Troll Hunter on May 13, 2018.
             Was an Initiate of Okawaru.
             Slain by Crazy Yiuf
             ... wielding a +4 quarterstaff of chaos
              (4 damage)
             ... on level 2 of the Dungeon.
             The game lasted 00:05:24 (1437 turns).

Patate the Chucker (Troll Hunter)                   Turns: 1437, Time: 00:05:24

Health: -1/53      AC:  5    Str: 25    XL:     5   Next: 77%
Magic:  4/4        EV:  1    Int:  7    God:    Okawaru [......]
Gold:   49         SH:  0    Dex: 11    Spells: 4/4 levels left

rFire    . . .     SeeInvis .   (no weapon)
rCold    . . .     Gourm    +   (no shield)
rNeg     + + +     Faith    .   b - +0 robe
rPois    ∞         Spirit   .   (helmet restricted)
rElec    .         Reflect  .   (no cloak)
rCorr    .         Harm     .   (gloves unavailable)
MR       .....                  (boots unavailable)
Stlth    +.........             (no amulet)
HPRegen  0.57/turn              (no ring)
MPRegen  0.09/turn              (no ring)

@: mighty, petrified, hasted
A: large, unfitting armour, claws 3, fast metabolism 3, gourmand, regeneration
1, shaggy fur 1, tough skin 2
a: Renounce Religion


You were on level 2 of the Dungeon.
You worshipped Okawaru.
Okawaru was noncommittal.
You were completely stuffed.

You visited 1 branch of the dungeon, and saw 2 of its levels.

You collected 49 gold pieces.

Inventory:

Missiles
 c - 5 large rocks (quivered)
Armour
 b - a +0 robe (worn)
Scrolls
 g - a scroll of teleportation
 j - a scroll of magic mapping {unknown}
 l - a scroll of enchant armour {unknown}
 m - 2 scrolls of identify
Potions
 e - a potion of cancellation {unknown}
 i - a potion of magic {unknown}
 k - a potion of heal wounds {unknown}
Comestibles
 f - 8 rations


   Skills:
 + Level 3.1 Fighting
 * Level 5.7 Throwing
 - Level 1.5 Dodging
 - Level 0.3 Stealth


You had 4 spell levels left.
You didn't know any spells.
Your spell library was empty.

Dungeon Overview and Level Annotations

Branches:
Dungeon (2/15)

Altars:
Ashenzari
Dithmenos
Okawaru

Annotations:
D:2 Crazy Yiuf


Innate Abilities, Weirdness & Mutations

You are too large for most types of armour.
You have claws for hands.
Your metabolism is lightning-fast.
You like to eat raw meat.
Your natural rate of healing is unusually fast.
You are covered in fur. (AC +1)
You have very tough skin. (AC +2)


Message History

Crazy Yiuf draws strength from your wounds!
You claw Crazy Yiuf!
Crazy Yiuf is heavily wounded.
Crazy Yiuf cries, "Race!
Citrus sizzlefizz ena."
Crazy Yiuf hits you but does no damage.
You are electrocuted!
* * * LOW HITPOINT WARNING * * *
You barely miss Crazy Yiuf.
Crazy Yiuf is heavily wounded.
Crazy Yiuf hits you with a quarterstaff of chaos!
* * * LOW HITPOINT WARNING * * *
You are slowing down.
Okay, then.
It was a potion of haste.
You feel yourself speed up.
Crazy Yiuf waves his quarterstaff at you.
Crazy Yiuf barely misses you.
Your limbs are stiffening.
Okay, then.
You have turned to stone.
Crazy Yiuf says, "Line!
Paint song toodlewoodle."
Crazy Yiuf hits you but does no damage.
You are electrocuted!
You die...

#########......# #.# ##### #
#......###.##########.... #
#...................'....
#......###.####....##....
############# ### ###..#.....
#.....# #..#.....
#.....##♣♣♣♣♣ #..#.....
#........)♣)♣♣♣ ### #..#.....
#.....).PP.♣)@♣#).)# #..#.....
#.......P.♣♣♣♣g').(# #..#.....
#.......P♣♣ ♣♣#..)# #..#.....
#.....##♣♣ ### #..#.....
#.....# ######(.. #.....#
#........
#.....#####################...
#####...............# #...
#######.#.##....# #...


You could see Crazy Yiuf.

Vanquished Creatures
  Sigmund (D:2)
  A gnoll (D:1)
  2 adders (D:2)
  An ooze (D:1)
  2 worms (D:2)
  A dart slug (D:2)
  A bat (D:1)
  2 giant cockroaches (D:1)
  5 goblins
  4 hobgoblins
  A quokka (D:2)
  3 frilled lizards
  4 kobolds
  5 rats
33 creatures vanquished.

Notes
Turn   | Place    | Note
-------+----------+-------------------------------------------
     0 | D:1      | Patate the Troll Hunter began the quest for the Orb.
     0 | D:1      | Reached XP level 1. HP: 19/19 MP: 0/0
   119 | D:1      | Reached XP level 2. HP: 25/28 MP: 1/1
   125 | D:1      | Reached skill level 4 in Throwing
   246 | D:1      | Found a shattered altar of Ashenzari.
   372 | D:1      | Reached XP level 3. HP: 35/35 MP: 2/2
   661 | D:2      | Noticed Sigmund
   665 | D:2      | Killed Sigmund
   665 | D:2      | Reached skill level 5 in Throwing
   665 | D:2      | Reached XP level 4. HP: 34/45 MP: 3/3
   665 | D:2      | Reached XP level 5. HP: 40/53 MP: 4/4
   738 | D:2      | Found an iron altar of Okawaru.
   782 | D:2      | Found a shadowy altar of Dithmenos.
   838 | D:2      | Became a worshipper of Warmaster Okawaru
  1420 | D:2      | Found a runed door.
  1424 | D:2      | Noticed Crazy Yiuf
  1434 | D:2      | HP: 1/53 [Crazy Yiuf/quarterstaff of chaos (8)]
  1437 | D:2      | Slain by Crazy Yiuf

Vault maps used:
D:1:      nzn_arrival_crosshair, evilmike_ruin_ashenzari
D:2:      marbit_many_paths, nicolae_dithmenos_shadow_blocks, uniq_sigmund,
          uniq_crazy_yiuf_cottage

Skill      XL: |  1  2  3 |
---------------+----------+-----
Throwing       | 4 5 |  5.7
Fighting       | 2 3 |  3.1
Dodging        | |  1.5
Stealth        | |  0.3

Action                   |  1- 3 |  4- 6 || total
-------------------------+-------+-------++-------
Melee: Unarmed           |    59 |    53 ||   112
Throw: Large rock        |     5 |     2 ||     7
       Throwing net      |       |     2 ||     2
  Use: Scroll            |     2 |       ||     2
       Potion            |       |     2 ||     2
 Stab: Sleeping          |     1 |     1 ||     2
  Eat: Chunk             |    12 |     7 ||    19
Armor: Robe              |    24 |     6 ||    30
Dodge: Dodged            |    33 |    23 ||    56

Table legend:
 A = Spawn XP
 B = Non-spawn XP
 C = Spawn XP percentage of total XP
 D = Spawn monster count
 E = Non-spawn monster count
 F = Spawn count percentage of total count
 G = Total turns spent on level
                    A         B        C        D         E        F      G
               +---------+---------+-------+---------+---------+-------+---------
         Total |       0 |     339 |   0.0 |       0 |      33 |   0.0 |  1437
               +---------+---------+-------+---------+---------+-------+---------
           D:1 |       0 |      46 |   0.0 |       0 |      18 |   0.0 |   635
           D:2 |       0 |     293 |   0.0 |       0 |      15 |   0.0 |   802
               +---------+---------+-------+---------+---------+-------+---------
